 Dungeon Crawl Stone Soup version 0.18-a0-1560-ge216ca8 (webtiles) character file.

3227 4thArraOfDagon the Carver (level 10, -3/70 HPs)
             Began as a Formicid Wanderer on Mar 12, 2016.
             Was a Priest of Ru.
             Slain by Kirke (10 damage)
             ... on level 12 of the Dungeon.
             The game lasted 00:20:06 (3505 turns).

4thArraOfDagon the Carver (Formicid Wanderer)       Turns: 3505, Time: 00:20:06

Health: -3/70      AC:  0    Str: 23      XL:     10   Next: 18%
Magic:  10/10      EV: 18    Int: 14 (15) God:    Ru [***...]
Gold:   299        SH:  0    Dex: 11      Spells: 0 memorised, 9 levels left

rFire  . . .     SeeInvis .     (weapon currently unavailable)
rCold  . . .     Gourm    .     (armour currently unavailable)
rNeg   . . .     Faith    .     (shield currently unavailable)
rPois  .         Spirit   .     (helmet unavailable)
rElec  .         Dismiss  .     (cloak currently unavailable)
rCorr  .         Reflect  .     (gloves currently unavailable)
SustAt .         Harm     .     (boots currently unavailable)
MR     +....                    (no amulet)
Stlth  +.........               (ring currently unavailable)
                                (ring currently unavailable)

@: agile, exhausted, pig-form, no potions, no scrolls, glowing, drained, very
quick, somewhat resistant to hostile enchantments, very unstealthy
A: permanent stasis, dig shafts and tunnels, four strong arms, (antennae 0),
rugged brown scales 1, (slimy green scales 0), (yellow scales 0), blurry vision
1, clumsy 1, deterioration 1, strong 2, inability to drink while threatened,
inability to read while threatened, no charms magic, no ice magic, no necromancy
magic
a: Draw Out Power, Renounce Religion


You were on level 12 of the Dungeon.
You worshipped Ru.
Ru was most pleased with you.
You were not hungry.
You were a filthy swine.
You visited 1 branch of the dungeon, and saw 12 of its levels.

You collected 299 gold pieces.

Inventory:

Hand Weapons
 c - a +0 quarterstaff
 p - a +0 blowgun
 z - the +8 falchion of the Mushroom (melded) {flame, rF+}
   (You found it on level 5 of the Dungeon)

   It has been specially enchanted to burn those struck by it, causing extra
   injury to most foes and up to half again as much damage against particularly
   susceptible opponents.
   Big, fiery blades are also staple armaments of hydra-hunters.
   It protects you from fire.
Missiles
 q - 34 poisoned needles
 r - 7 poisoned tomahawks (quivered)
Armour
 b - a +0 plate armour (melded)
 n - a cursed +0 cloak (melded)
 J - a +0 pair of gloves (melded)
Jewellery
 s - a ring of protection from fire (melded)
 B - a ring of magical power (melded)
Wands
 I - a wand of lightning (5/15)
Scrolls
 e - 2 scrolls of immolation
 h - 7 scrolls of remove curse {unknown}
 j - 3 scrolls of recharging
 k - a scroll of random uselessness
 o - 3 scrolls of noise {unknown}
 u - 2 scrolls of teleportation {unknown}
 y - 5 scrolls of fog {unknown}
 C - 2 scrolls of fear {unknown}
 E - a scroll of enchant weapon {unknown}
 K - a scroll of summoning {unknown}
Potions
 i - 2 potions of ambrosia
 l - a potion of brilliance
 m - a potion of berserk rage
 v - a potion of flight
 F - a potion of cancellation
Miscellaneous
 A - a plain deck of defence {drawn: 3}
Comestibles
 d - 7 bread rations
 w - 4 meat rations
 D - 4 fruits
 H - a slice of pizza


   Skills:
 + Level 2.5(2.2) Fighting
 * Level 10.8(10.3) Long Blades
   Level 2.0(1.6) Axes
 - Level 6.8(6.4) Staves
 + Level 5.6(5.3) Armour
   Level 2.4(2.1) Shields


You had 9 spell levels left.
You didn't know any spells.

Dungeon Overview and Level Annotations

Branches:
Dungeon (13/15)            Temple (0/1) D:4
   Lair: D:8-11         Orc: D:9-12      Vaults: D:13-14

Altars:
Dithmenos
Fedhas
Nemelex Xobeh
Pakellas
Ru
Xom
Zin

Annotations:
D:9 exclusion: downstairs
D:12 Kirke


Innate Abilities, Weirdness & Mutations

You are under a permanent stasis effect.
You can dig through walls and to a lower floor.
Your four strong arms can wield two-handed weapons with a shield.
((You have a pair of large antennae on your head (SInv).))
You cannot drink potions while threatened.
You cannot read scrolls while threatened.
You cannot study or cast Charms magic.
You cannot study or cast Ice magic.
You cannot study or cast Necromancy magic.
(You are partially covered in rugged brown scales (AC +1, +3% HP).)
((You are partially covered in slimy green scales (AC +2).))
((You are partially covered in yellow scales (AC +2).))
Scrolls take you a little longer to read.
You are clumsy. (Dex -2)
Your body sometimes deteriorates upon taking damage.
Your muscles are very strong. (Str +4)


Message History

Unknown command.
Evoke which item? (* to show all) (? for menu, Esc to quit)
You draw a card...
It is the Banshee.
This is a plain deck of defence {drawn: 2}.
Kirke is drained!
Kirke resists with almost no effort.
Kirke hits you!
* * * LOW HITPOINT WARNING * * *
Unknown command.
Evoke which item? (* to show all) (? for menu, Esc to quit)
You draw a card...
It is the Helm.
You feel agile all of a sudden. Kirke hits you.
* * * LOW HITPOINT WARNING * * *
Unknown command.
You hit Kirke.
Kirke is heavily wounded.
Kirke completely misses you.
You hit Kirke.
Kirke is heavily wounded.
Kirke hits you!
You die...

.{..........
#{...W....#
#{........#
#h{>......#
#{{{......#
##{{{......#
##{#{{.....##
#@###.....##
##h########
###


You could see Kirke.

Vanquished Creatures
  Pikel (D:4)
  A centaur zombie (D:10)
  A troll (D:12)
  2 hippogriffs (D:9)
  A slave (D:4)
  An orc warrior (D:9)
  An ice beast (D:6)
  A phantom (D:5)
  3 sky beasts
  3 ogres
  A big kobold (D:7)
  A giant frog (D:6)
  A gnoll sergeant (D:8)
  A scorpion (D:7)
  5 wights (D:7)
  A howler monkey (D:7)
  A giant frog zombie (D:6)
  3 crimson imps
  A quasit (D:9)
  A giant frog skeleton (D:4)
  3 hounds
  A jelly (D:9)
  4 orc priests
  An iguana (D:4)
  6 worker ants
  A hound skeleton (D:6)
  A worker ant zombie (D:6)
  4 adders
  3 gnolls (D:8)
  3 oozes
  4 adder skeletons
  2 dart slugs
  A worm (D:5)
  3 giant geckos
  9 orcs
  6 giant cockroaches
  5 goblins
  8 hobgoblins
  3 jackals (D:6)
  6 kobolds
  2 quokkas
  A ball python (D:1)
  A ball python skeleton (D:4)
  6 bats
  A giant gecko zombie (D:7)
  2 giant newts
  3 rats (D:1)
121 creatures vanquished.

Vanquished Creatures (others)
  A worker ant (D:4)
1 creature vanquished.

Grand Total: 122 creatures vanquished

Notes
Turn   | Place    | Note
--------------------------------------------------------------
     0 | D:1      | 4thArraOfDagon the Formicid Wanderer began the quest for the Orb.
     0 | D:1      | 4thArraOfDagon set off with: a +2 scale mail, a +0 short sword, a +0 quarterstaff, a bread ration
     0 | D:1      | Reached XP level 1. HP: 16/16 MP: 1/1
    99 | D:1      | You fall through a shaft!
   111 | D:2      | Reached XP level 2. HP: 16/22 MP: 2/2
   183 | D:2      | Found a shadowy altar of Dithmenos.
   223 | D:3      | Found a sacrificial altar of Ru.
   240 | D:3      | Became a worshipper of Ru the Awakened
   253 | D:3      | Reached XP level 3. HP: 27/27 MP: 3/3
   732 | D:1      | Reached XP level 4. HP: 30/33 MP: 4/4
   835 | D:1      | Gained mutation: You cannot study or cast Ice magic. [Ru sacrifice]
   835 | D:1      | Gained mutation: You cannot study or cast Necromancy magic. [Ru sacrifice]
   835 | D:1      | Gained mutation: You cannot study or cast Charms magic. [Ru sacrifice]
   835 | D:1      | Reached * piety under Ru
  1110 | D:5      | Entered Level 5 of the Dungeon
  1144 | D:5      | Noticed an ogre
  1180 | D:4      | Noticed a slave
  1210 | D:4      | Killed a slave
  1234 | D:4      | Noticed Pikel
  1241 | D:4      | Noticed a slave
  1242 | D:4      | Noticed a slave
  1244 | D:4      | Noticed a slave
  1259 | D:4      | Killed Pikel
  1259 | D:4      | Reached skill level 5 in Armour
  1259 | D:4      | Reached XP level 5. HP: 27/38 MP: 5/5
  1259 | D:4      | Reached XP level 6. HP: 31/44 MP: 6/6
  1259 | D:4      | Reached XP level 7. HP: 35/50 MP: 7/7
  1321 | D:4      | Found a staircase to the Ecumenical Temple.
  1419 | D:4      | Found an oddly glowing altar of Pakellas.
  1523 | D:5      | Got a jewelled falchion
  1525 | D:5      | Identified the +8 falchion of the Mushroom {flame, rF+} (You found it on level 5 of the Dungeon)
  1584 | D:5      | Reached skill level 2 in Long Blades
  1584 | D:5      | Reached XP level 8. HP: 31/56 MP: 8/8
  1612 | D:5      | Gained mutation: You are partially covered in rugged brown scales (AC +1, +3% HP). [mutagenic meat]
  1613 | D:5      | Gained mutation: You are partially covered in yellow scales (AC +2). [mutagenic meat]
  1615 | D:5      | Gained mutation: You are clumsy. (Dex -2) [mutagenic meat]
  1641 | D:5      | Found a sparkling altar of Nemelex Xobeh.
  1688 | D:5      | Reached skill level 3 in Long Blades
  1717 | D:5      | Reached skill level 4 in Long Blades
  1938 | D:6      | Gained mutation: You cannot drink potions while threatened. [Ru sacrifice]
  1938 | D:6      | Reached ** piety under Ru
  1945 | D:6      | Reached skill level 5 in Long Blades
  2101 | D:6      | Reached skill level 6 in Long Blades
  2182 | D:7      | Gained mutation: Your muscles are strong. (Str +2) [potion of mutation]
  2182 | D:7      | Gained mutation: You are partially covered in slimy green scales (AC +2). [potion of mutation]
  2182 | D:7      | Gained mutation: Your body sometimes deteriorates upon taking damage. [potion of mutation]
  2213 | D:7      | Reached XP level 9. HP: 62/62 MP: 9/9
  2226 | D:7      | Reached skill level 7 in Long Blades
  2237 | D:7      | Gained mutation: Your muscles are very strong. (Str +4) [potion of mutation]
  2237 | D:7      | Gained mutation: Scrolls take you a little longer to read. [potion of mutation]
  2405 | D:7      | Reached skill level 8 in Long Blades
  2531 | D:7      | Found a shimmering altar of Xom.
  2653 | D:8      | Found a blossoming altar of Fedhas.
  2866 | D:9      | Reached skill level 9 in Long Blades
  2904 | D:9      | Found a glowing silver altar of Zin.
  3019 | D:9      | Gained mutation: You cannot read scrolls while threatened. [Ru sacrifice]
  3019 | D:9      | Reached *** piety under Ru
  3135 | D:9      | Reached skill level 10 in Long Blades
  3313 | D:10     | Entered Level 10 of the Dungeon
  3316 | D:10     | Noticed a hill giant
  3394 | D:10     | Reached XP level 10. HP: 66/69 MP: 10/10
  3429 | D:10     | Noticed a hill giant
  3447 | D:10     | You fall through a shaft for 3 floors!
  3447 | D:13     | Noticed a yaktaur
  3452 | D:13     | Noticed a tengu warrior
  3454 | D:13     | Noticed a brown ugly thing
  3454 | D:12     | Noticed Kirke
  3501 | D:12     | Turgon: oink oink
  3505 | D:12     | 4thArraOfDagon: oink
  3505 | D:12     | Slain by Kirke

Vault maps used:
D:1:      dpeg_arrival_three_same_balls, columned_hall_lemuel, minivault_26,
          minmay_misc_feat_chi
D:2:      lemuel_blue_sif_altar, grunt_dithmenos_smoke_and_mirrors
D:3:      nicolae_overflow_crystal_walls, first_bread
D:4:      kennysheep_mini_moat, grunt_pakellas_salt, minmay_temple_entry_grid,
          uniq_pikel
D:5:      nemelex_deck
D:7:      kennysheep_mini, mrwooster_statue_mirror
D:8:      lemuel_coloured_pillars_altar
D:9:      nicolae_overflow_hidden_temple
D:10:     hangedman_tree_tricks, uniq_grum, uniq_snorg
D:12:     uniq_fannar, uniq_kirke
D:13:     david_vaults_2

Skill      XL: |  1  2  3  4  5  6  7  8  9 |
---------------+----------------------------+-----
Staves         | 3 6 |  6.8
Armour         | 5 |  5.6
Long Blades    | 2 6 10 | 10.8
Fighting       | |  2.5
Axes           | |  2.0
Shields        | |  2.4

Action                   |  1- 3 |  4- 6 |  7- 9 | 10-12 || total
-------------------------+-------+-------+-------+-------++-------
Melee: Quarterstaff      |    81 |    44 |    47 |       ||   172
       Falchion          |       |       |   196 |    20 ||   216
       Unarmed           |       |       |       |    18 ||    18
 Fire: Blowgun           |       |    19 |    36 |       ||    55
Throw: Throwing net      |       |       |     2 |     3 ||     5
       Tomahawk          |       |       |       |     1 ||     1
Invok: Sacrifice Arcana  |       |     1 |       |       ||     1
       Sacrifice Drink   |       |       |     1 |       ||     1
       Sacrifice Words   |       |       |     1 |       ||     1
       Draw Out Power    |       |       |       |     1 ||     1
 Abil: Dig               |    15 |    12 |    33 |     2 ||    62
       Shaft Self        |       |       |       |     1 ||     1
Evoke: Deck              |       |       |       |     3 ||     3
  Use: Scroll            |     6 |     2 |     4 |       ||    12
       Potion            |       |       |     3 |     1 ||     4
 Stab: Invisible         |       |       |     1 |       ||     1
  Eat: Chunk             |     2 |     4 |    14 |       ||    20
       Pizza             |       |       |       |     1 ||     1
